AoeStats
← villameduusa

Oasis

508478674Analyzed
2v2 RM · 9d ago on Sep 22, 2026· 46m 59s· 4 players
Game mode
Random Map
Map size
Medium (4 player)
Population
200
Speed
Normal
Resources
Standard
Victory
Conquest
Starting age
Dark Age
Ending age
Imperial Age
RankedLock teamsTeams togetherTeam positionsShared explorationLock speedFull tech treeHidden civsTurbo modeCheats
Victory
Defeat
🇫🇮 Burgundians · Finland
779
+13
🇫🇮 Vietnamese · Finland
779
+13
🇦🇷 Teutons · Argentina
728
-13
🇨🇱 Huns · Chile
710
-13
Limo3616
10:39 Feudal Age
11:43 Loom
13:32 Double-Bit Axe
14:38 Forging
16:11 Scale Barding Armor
21:36 Castle Age
19:31 Horse Collar
25:04 Gold Mining
29:51 Fletching
30:01 Padded Archer Armor
31:17 Thumb Ring
38:09 Bodkin Arrow
38:29 Leather Archer Armor
43:26 Imperial Age
42:40 Ballistics
45:39 Parthian Tactics
Facundo✔♫
9:57 Feudal Age
11:22 Man-at-Arms
12:43 Arson
13:04 Double-Bit Axe
13:16 Arson
28:32 Castle Age
34:04 Bow Saw
33:43 Horse Collar
34:57 Wheelbarrow
38:39 Elite Skirmisher
chirbe
11:19 Feudal Age
9:35 Loom
11:09 Double-Bit Axe
11:08 Horse Collar
20:06 Scale Mail Armor
20:17 Forging
20:27 Bow Saw
25:08 Castle Age
24:58 Scale Barding Armor
25:14 Heavy Plow
25:50 Squires
25:11 Pikeman
30:20 Cavalier
31:54 Gold Mining
31:54 Stone Mining
32:50 Elite Skirmisher
33:42 Husbandry
34:57 Padded Archer Armor
34:48 Fletching
35:59 Wheelbarrow
38:04 Ballistics
40:57 Leather Archer Armor
40:38 Bodkin Arrow
41:04 Chain Barding Armor
44:26 Imperial Age
45:53 Bracer
46:32 Iron Casting
46:31 Imperial Skirmisher
48:33 Chemistry
villameduusa
10:16 Feudal Age
8:34 Loom
10:59 Double-Bit Axe
16:43 Horse Collar
18:46 Wheelbarrow
24:06 Castle Age
24:17 Crossbowman
26:04 Fletching
26:31 Forging
25:50 Pikeman
26:58 Padded Archer Armor
27:45 Bow Saw
28:00 Town Watch
28:35 Gold Mining
28:36 Stone Mining
29:33 Bodkin Arrow
30:03 Ballistics
30:41 Leather Archer Armor
30:31 Elite Skirmisher
33:15 Thumb Ring
33:30 Heavy Plow
36:31 Iron Casting
35:59 Scale Mail Armor
37:29 Hand Cart
37:39 Squires
43:25 Imperial Age
42:34 Town Patrol
45:11 Chemistry
44:43 Ring Archer Armor
Connection lost

Rejoining the realm…

Still unreachable

The connection could not be restored.

Session expired

The server has moved on; the page needs a fresh start.